 Dungeon Crawl Stone Soup version 0.29-a0-121-g8efb068a30 (webtiles) character file.

Game seed: 5549321021581574429

823 Gargoyl the Distorting Gargoyle (level 7, 0/66 HPs)
             Began as a Gargoyle Abyssal Knight on Feb 20, 2022.
             Was a Believer of Lugonu.
             Slain by an orc (2 damage)
             ... on level 6 of the Dungeon.
             The game lasted 00:06:15 (4709 turns).

Gargoyl the Distorting Gargoyle (GrAK)              Turns: 4709, Time: 00:06:16

Health: 0/66       AC: 23    Str: 19    XL:     7   Next: 96%
Magic:  3/3        EV:  2    Int: 10    God:    Lugonu [**....]
Gold:   370        SH:  0    Dex: 10    Spells: 6/6 levels left

rFire   . . .      SeeInvis +   s - +8 falchion "Beomig" {antimagic, Fragile rElec rPois SInv}
rCold   . . .      Faith    .   (no shield)
rNeg    + . .      Spirit   .   (armour currently unavailable)
rPois   ∞          Reflect  .   (helmet currently unavailable)
rElec   +          Harm     .   (cloak currently unavailable)
rCorr   .          Rampage  .   (gloves currently unavailable)
Will    +....      NoTele   +   (boots currently unavailable)
Stlth   +.........              i - amulet of the acrobat
HPRegen 0.21/turn               t - ring of willpower
MPRegen 0.08/turn               (no ring)

@: tree-form
A: stationary, stasis, torment immunity, boosted hp, sickness immunity, AC +4,
negative energy resistance 1, (electricity resistance), torment resistance 1,
petrification resistance
a: Renounce Religion, Depart the Abyss, Bend Space


You were on level 6 of the Dungeon.
You worshipped Lugonu.
Lugonu was pleased with you.
You were a tree.
You visited 1 branch of the dungeon, and saw 6 of its levels.
You visited the Abyss 1 time.

You collected 370 gold pieces.

Inventory:

Hand Weapons
 a - a +1 hand axe
 s - the +8 falchion "Beomig" (weapon) {antimagic, Fragile rElec rPois SInv}
   (You found it on level 5 of the Dungeon)

   It reduces the magical energy of the wielder, and disrupts the spells and
   magical abilities of those it strikes.
   Natural abilities and divine invocations are not affected.
   rElec:     It insulates you from electricity.
   rPois:     It protects you from poison.
   SInv:      It lets you see invisible.
   Fragile:   It will be destroyed if unequipped.
Missiles
 h - a throwing net
Armour
 j - a +0 chain mail (melded)
 m - a +1 cloak (melded)
 q - a +1 pair of gloves (melded)
Jewellery
 i - an amulet of the acrobat (around neck)
 t - a ring of willpower (left branch)
Wands
 b - a wand of polymorph (1)
 n - a wand of digging (3)
Scrolls
 c - a scroll of teleportation
 k - a scroll of identify
 p - 2 scrolls of blinking
 r - a scroll of magic mapping
Potions
 d - 2 potions of flight
 g - a potion of haste
 l - 4 potions of brilliance
 o - a potion of cancellation


   Skills:
 + Level 4.8 Fighting
 + Level 1.0 Long Blades
 + Level 4.8 Axes
 + Level 4.4 Armour
 + Level 1.4 Dodging
 + Level 0.8 Stealth
 * Level 5.1 Invocations
 + Level 0.2 Evocations


You had 6 spell levels left.
You didn't know any spells.
Your spell library contained the following spells:

 Spells                   Type           Power      Damage    Failure   Level
 Animate Skeleton         Necr           0%         N/A       36%         1
 Sandblast                Erth           0%         2d4       36%         1
 Corpse Rot               Necr/Air       0%         N/A       50%         2
 Wereblood                Tmut           0%         N/A       50%         2
 Confusing Touch          Hex            0%         N/A       75%         3
 Dispel Undead            Necr           0%         3d6       98%         4
 Passage of Golubria      Tloc           0%         N/A       98%         4
 Borgnjor's Vile Clutch   Necr/Erth      0%         N/A       100%        5
 Silence                  Hex/Air        0%         N/A       100%        5
 Summon Mana Viper        Hex/Summ       0%         N/A       100%        5
 Death Channel            Necr           0%         N/A       100%        6
 Summon Hydra             Summ           0%         N/A       100%        7
 Lehudib's Crystal Spear  Conj/Erth      0%         10d2      100%        8
 Sublimation of Blood     Necr           Unusable   N/A       N/A         2

Dungeon Overview and Level Annotations

Branches:
Dungeon (6/15)
 Temple: D:4-7

Altars:
Elyvilon
Ru
Trog
Yredelemnul

Shops:
D:1 *

Annotations:
D:3 2 transporters


Innate Abilities, Weirdness & Mutations

You are a tree.
Your roots penetrate the ground, keeping you stationary.
You cannot be teleported.
You are immune to unholy pain and torment.
Your maximum health is greatly increased.
Your equipment is partially melded.
You are immune to sickness and miasma.
((Your stone body is resilient. (AC +4)))
You are immune to poison.
You resist negative energy. (rN+)
((You are resistant to electric shocks. (rElec)))
You are resistant to unholy torment.
You are immune to petrification.


Message History

You slash the orc priest!
The orc priest is almost dead.
The orc hits you but does no damage.
The orc priest hits you but does no damage.
The orc wizard hits you but does no damage. x2
The orc hits you but does no damage.
The orc priest hits you but does no damage.
You slash the orc priest!
You kill the orc priest!
Lugonu accepts your kill.
The orc wizard hits you but does no damage. x2
The orc hits you but does no damage.
The orc wizard hits you but does no damage.
Unknown command.
Okay, then.
You slash the orc wizard!
You kill the orc wizard!
Lugonu accepts your kill. The orc hits you but does no damage.
The orc wizard hits you but does no damage.
Your Long Blades skill increases to level 1!
You barely miss the orc wizard. The orc hits you but does no damage.
The orc wizard hits you with a +0 dagger.
* * * LOW HITPOINT WARNING * * *
You barely miss the orc wizard. The orc hits you with a +0 mace.
* * * LOW HITPOINT WARNING * * *
The orc wizard hits you but does no damage.
The orc hits you with a +0 mace.
* * * LOW HITPOINT WARNING * * *
The orc wizard hits you but does no damage.
Unknown command.
You completely miss the orc wizard. The orc hits you with a +0 mace.
* * * LOW HITPOINT WARNING * * *
The orc wizard hits you but does no damage.
Unknown command.
You hit the orc wizard.
The orc wizard's magic leaks into the air.
The orc wizard is moderately wounded.
The orc hits you with a +0 mace.
You die...

#.# #.# #..# #.# #..#
#.# #..# #.# #..##
#.# ##...# #.#
##....## #.##
###....).###
#..#####......)♣o.#
#...##...#####).o...#
##......## #......#
###..### ##......#
#### #........
#.....$.. #........
#...#....


You could see an orc wizard (magic disrupted) and an orc.

Vanquished Creatures
  Sigmund (D:4)
  2 black bears
  A scorpion (D:6)
  A bullfrog zombie (D:5)
  A hound (D:5)
  An orc priest (D:6)
  A jelly (D:3)
  2 bullfrog skeletons
  An iguana (D:5)
  A centaur skeleton (D:4)
  An orc wizard (D:6)
  8 adders
  A white imp (D:5)
  An ufetubus (D:6)
  2 adder skeletons (D:4)
  A worm (D:2)
  A dart slug (D:1)
  7 orcs
  5 ball pythons
  5 bats
  7 endoplasms
  3 giant cockroaches
  5 goblins
  5 hobgoblins
  5 kobolds
  3 quokkas
  3 frilled lizards
  5 rats
80 creatures vanquished.

Vanquished Creatures (others)
  An orc wizard (D:5)
1 creature vanquished.

Grand Total: 81 creatures vanquished

Notes
Turn   | Place    | Note
-------+----------+-------------------------------------------
     0 | Abyss:1  | Gargoyl the Gargoyle Abyssal Knight began the quest for the
                  | Orb.
     0 | Abyss:1  | Reached XP level 1. HP: 14/14 MP: 2/2
     0 | D:1      | Escaped the Abyss
   212 | D:1      | Reached * piety under Lugonu
   213 | D:1      | Reached XP level 2. HP: 19/19 MP: 3/3
   260 | D:1      | Found Qiav's General Store.
   890 | D:2      | Found a faded altar of an unknown god.
   907 | D:2      | Reached XP level 3. HP: 15/24 MP: 4/4
  1652 | D:3      | Reached XP level 4. HP: 29/29 MP: 6/6
  1778 | D:3      | Reached ** piety under Lugonu
  1799 | D:3      | Found a basalt altar of Yredelemnul.
  1983 | D:3      | Found a transporter.
  2045 | D:3      | Found a transporter.
  2146 | D:3      | Reached skill level 3 in Invocations
  2208 | D:3      | Reached skill level 1 in Dodging
  2208 | D:3      | Reached XP level 5. HP: 11/33 MP: 7/7
  2560 | D:3      | Found a sacrificial altar of Ru.
  2661 | D:4      | Noticed Sigmund
  2717 | D:4      | Killed Sigmund
  2718 | D:4      | Reached XP level 6. HP: 21/38 MP: 8/8
  2861 | D:4      | Found a bloodstained altar of Trog.
  3280 | D:4      | Got the Collected Works on Entrancing Clay
  3409 | D:5      | Entered Level 5 of the Dungeon
  3416 | D:5      | Got the Incunabulum of Evil Arts
  3442 | D:5      | Reached skill level 4 in Invocations
  3584 | D:5      | Reached XP level 7. HP: 41/44 MP: 10/10
  3769 | D:5      | Noticed a troll
  3774 | D:5      | a troll changed into a black bear
  4092 | D:5      | Identified the +8 falchion "Beomig" {antimagic, Fragile
                  | rElec rPois SInv}
  4283 | D:5      | Found a white marble altar of Elyvilon.
  4584 | D:6      | Reached skill level 5 in Invocations
  4706 | D:6      | Reached skill level 1 in Long Blades
  4707 | D:6      | HP: 3/66 [orc (4)]
  4709 | D:6      | Slain by an orc

Illustrated notes

Levels and vault maps discovered:
D:1:      dpeg_arrival_circle_labyrinth_c, layout_basic, serial_shops, shop,
          minmay_misc_feat_five, amethyst_killhole
D:2:      layout_basic, basic_ecumenical_altar, minmay_misc_feat_nine_boxes
D:3:      gammafunk_steamed_eel, layout_loops_ring, yredelemnul_altar_generic,
          nicolae_ru_path_of_blood
D:4:      layout_gridville, mainiacjoe_overflow_paths, uniq_sigmund
D:5:      layout_loops_ring, nicolae_elyvilon_peaceful_grove
D:6:      layout_layer_cave, chequers_serial_rivers_micro_d

Skill      XL: |  1  2  3  4  5  6  7 |
---------------+----------------------+-----
Axes           | 2 3 4 |  4.8
Invocations    | 3 4 5 |  5.1
Fighting       | 4 |  4.8
Dodging        | 1 |  1.4
Armour         | 3 4 |  4.4
Long Blades    | 1 |  1.0
Stealth        | |  0.8
Evocations     | |  0.2

Action                   |  1- 3 |  4- 6 |  7- 9 || total
-------------------------+-------+-------+-------++-------
Melee: Hand axe          |   100 |   186 |    25 ||   311
       Punch             |       |     2 |       ||     2
       Falchion          |       |       |    43 ||    43
Invok: Depart the Abyss  |     1 |       |       ||     1
Evoke: Wand              |       |     3 |     3 ||     6
  Use: Scroll            |     6 |     9 |     1 ||    16
       Potion            |       |     3 |     2 ||     5
Armor: Leather armour    |     5 |       |       ||     5
       Scale mail        |    55 |       |       ||    55
       Chain mail        |     9 |   130 |    86 ||   225
       Skin              |     1 |       |    29 ||    30
Dodge: Dodged            |    70 |    80 |    50 ||   200

Table legend: (Time is in decaauts)
 A = Elapsed time spent in this place.
 B = Non-inter-level travel time spent in this place.
 C = Inter-level travel time spent in this place.
 D = Time resting spent in this place.
 E = Time spent auto-exploring this place.
 F = Levels seen in this place.
 G = Mean time per level.
                   A        B        C        D        E       F      G
               +--------+--------+--------+--------+--------+-----+--------+
         Total |   4763 |   4566 |    197 |    126 |   3414 |   7 |  680.4 |
       Dungeon |   4763 |   4566 |    197 |    126 |   3414 |   6 |  793.8 |
         Abyss |      0 |      0 |      0 |      0 |      0 |   1 |    0.0 |
               +--------+--------+--------+--------+--------+-----+--------+

Top non-repeatable levels by time:
     D:5: 1081 daAuts
     D:3: 962 daAuts
     D:1: 893 daAuts
     D:4: 828 daAuts
     D:2: 762 daAuts
     D:6: 236 daAuts
